Map: Lerilak Crest

Players

LilDicky

  • Race: Protoss Protoss
  • League: Diamond

SilentDrop - Winner!

  • Race: Zerg Zerg

VOD

http://www.twitch.tv/tumescentpie

Description

Time

  • Played on: Dec. 5, 2015, 3:40 p.m.
  • Length: 5:18
Show
View Real Time Build Order
Export as new Build Order

LilDicky Protoss 

Build Orders: 1 Gate Expand 

Get SALT Encoding   

  12  0:04  Probe (Chrono Boost)  
  13  0:15  Probe (Chrono Boost)  
  13  0:18  Pylon  
  14  0:27  Probe (Chrono Boost)  
  15  0:38  Probe (Chrono Boost)  
  16  0:45  Gateway  
  16  0:49  Probe (Chrono Boost)  
  17  0:50  Assimilator  
  17  1:00  Probe (Chrono Boost)  
  18  1:13  Probe (Chrono Boost)  
  19  1:31  Nexus  
  19  1:41  Probe (Chrono Boost)  
  19  1:45  Cybernetics Core  
  20  1:52  Pylon  
  20  1:53  Probe (Chrono Boost)  
  21  2:03  Probe (Chrono Boost)  
  22  2:08  Assimilator  
  22  2:14  Probe (Chrono Boost)  
  23  2:31  Mothership Core (Chrono Boost)  
  23  2:33  Sentry  
  26  2:44  Probe (Chrono Boost)  
  26  2:49  Probe (Chrono Boost)  
  28  2:53  Pylon  
  27  3:08  Warp Gate (Chrono Boost)  
  26  3:23  Probe  
  26  3:25  Probe  
  28  3:35  Probe  
  28  3:37  Probe, Pylon  
  30  3:43  Gateway  
  30  3:45  Gateway, Probe  
  31  3:49  Probe  
  31  3:52  Gateway  
  31  3:53  Gateway  
  32  3:58  Probe (Chrono Boost)  
  32  4:01  Probe (Chrono Boost)  
  32  4:02  Pylon  
  34  4:11  Probe (Chrono Boost)  
  34  4:12  Probe (Chrono Boost)  
  36  4:22  Robotics Facility  
  36  4:24  Gateway  
  36  4:27  Pylon  
  36  4:28  Probe (Chrono Boost)  
  36  4:29  Probe (Chrono Boost)  
  38  4:41  Probe  
  38  4:42  Probe  
  40  4:51  Probe  
  40  4:54  Pylon  
Show
View Real Time Build Order
Export as new Build Order

SilentDrop Zerg - Winner!

Build Orders: Pool First 

Get SALT Encoding   

  12  0:03  Drone  
  13  0:14  Drone  
  14  0:26  Spawning Pool  
  13  0:29  Drone  
  14  0:42  Drone, Extractor  
  14  0:49  Overlord  
  14  1:07  Drone x3  
  17  1:14  Queen  
  19  1:21  Drone  
  20  1:34  Overlord  
  20  1:44  Metabolic Boost  
  20  1:46  Drone  
  21  1:55  Queen  
  21  1:57  Zergling x2  
  24  2:04  Zergling x2  
  25  2:20  Drone  
  26  2:38  Hatchery  
  26  2:41  Drone x4  
  29  2:53  Zergling x2  
  30  3:09  Overlord x2  
  28  3:25  Drone x2  
  30  3:27  Overlord  
  30  3:39  Zergling x2  
  30  3:47  Extractor  
  29  3:51  Evolution Chamber  
  29  3:53  Evolution Chamber  
  29  3:54  Drone x2  
  29  4:06  Drone x2  
  29  4:08  Drone x2  
  33  4:18  Drone  
  33  4:19  Drone x2  
  36  4:28  Roach Warren  
  36  4:29  Drone x3  
  38  4:44  Drone x2  
  40  4:48  Drone x3  
  43  5:09  Hatchery  
Tags
 
Add a new tag
Caveats
  • Supply blocks, unpowered buildings, or Contaminate may cause inaccurate times.
  • Supply counts are checked every 10 seconds.